 Dungeon Crawl Stone Soup version 0.20.0-15-g7f486f2 (webtiles) character file.

52 tryptr the Cudgeler (level 3, -17/26 HPs)
             Began as a Gargoyle Chaos Knight on June 10, 2017.
             Killed from afar by Natasha (28 damage)
             ... with an exploding inner flame
             ... hexed by the player character
             ... on level 3 of the Dungeon.
             The game lasted 00:04:37 (1853 turns).

tryptr the Cudgeler (Gargoyle Chaos Knight)         Turns: 1853, Time: 00:04:39

Health: -17/26     AC: 12    Str: 18    XL:     3   Next: 85%
Magic:  3/3        EV: 11    Int: 12    God:    Xom [....*.]
Gold:   69         SH:  0    Dex:  9    Spells: 2/2 levels left

rFire    . . .     SeeInvis .   a - +0 mace (chaos)
rCold    . . .     Gourm    .   (no shield)
rNeg     + . .     Faith    .   b - +2 leather armour
rPois    ∞         Spirit   .   (no helmet)
rElec    +         Reflect  .   (no cloak)
rCorr    .         Harm     .   (no gloves)
MR       .....     Clarity  +   (no boots)
Stlth    +.........             (no amulet)
Regen    0.1/turn               (no ring)
MPRegen  0.1/turn               (no ring)

@: no status effects
A: iridescent scales 1, thin metallic scales 1, clarity, negative energy
resistance 1, robust 1, electricity resistance, strong 1, unbreathing,
petrification resistance, rot immunity, AC +3
a: Renounce Religion


You were on level 3 of the Dungeon.
You worshipped Xom.
You were a beloved toy of Xom.
You were not hungry.

You visited 1 branch of the dungeon, and saw 3 of its levels.

You collected 69 gold pieces.

Inventory:

Hand Weapons
 a - a +0 mace of chaos (weapon)
Armour
 b - a +2 leather armour (worn)
Scrolls
 e - 3 scrolls of identify {unknown}
 o - 2 scrolls of teleportation {unknown}
Potions
 d - a potion of heal wounds {unknown}
 i - 3 potions of haste
 j - a potion of invisibility {unknown}
 l - a potion of resistance {unknown}
 m - a potion of might {unknown}
 q - 2 potions of flight {unknown}
Comestibles
 c - 3 bread rations {@e1}
 g - a royal jelly


   Skills:
 + Level 3.8 Fighting
 * Level 4.0 Maces & Flails
 + Level 2.5 Armour
 - Level 1.0 Dodging


You had 2 spell levels left.
You didn't know any spells.

Dungeon Overview and Level Annotations

Branches:
Dungeon (3/15)

Altars:
Cheibriados
Hepliaklqana
Trog
Zin


Innate Abilities, Weirdness & Mutations

You are resistant to torment.
Your stone body is resilient. (AC +3)
You are immune to poison.
You resist negative energy. (rN+)
You are resistant to electric shocks. (rElec)
You can survive without breathing.
You are immune to petrification.
You are immune to rotting.
You are partially covered in iridescent scales. (AC +2)
You are partially covered in thin metallic scales. (AC +2)
You possess an exceptional clarity of mind.
You are robust. (+10% HP)
Your muscles are strong. (Str +2)


Message History

Health restored: 26 Search for what [? for help]? armor You eat one of the 2 royal jellies.
That royal jelly was delicious!
You feel more attuned to ice.
k - a ring of ice (left hand)
You remove your ring of ice {rC+, rF-}.
You drop an uncursed ring of ice {rC+, rF-}.
You climb downwards.
Level annotation: Natasha
There is a stone staircase leading up here.
Natasha howls an incantation.
Natasha glows brightly for a moment.
There is a stone staircase leading up here.
You barely miss Natasha. Natasha claws you.
You take 5 damage, and have 21/26 hp.
You hit Natasha. Natasha casts a spell at you.
You resist with significant effort. Natasha claws you but does no damage.
You hit Natasha.
Natasha flickers and vanishes!
Deactivating autopickup; reactivate with Ctrl-A.
Xom is amused.
Something claws you.
You take 6 damage, and have 15/26 hp.
MASSIVE DAMAGE!!
You hear some strange, mumbled words.
Something tries to affect you, but you resist.
You see here a bread ration {@e1}.
c - 3 bread rations {@e1} (gained 1)
Something claws you but does no damage.
You hear some strange, mumbled words.
The crimson imp blinks!
You hear some strange, mumbled words.
Something tries to affect you, but you resist.
A dart slug comes into view.
You enter the shallow water.
Moving in this stuff is going to be slow.
A magic dart appears from out of thin air!
The magic dart hits you!
Found a snail-covered altar of Cheibriados.
You take 4 damage, and have 13/26 hp.
The dart slug launches a dart at you. The slug dart misses you.
The dart slug launches a dart at you. The slug dart misses you.
The dart slug barely misses you.
Found a stone staircase leading down.
The dart slug launches a dart at you. The slug dart misses you.
You hear some strange, mumbled words.
You closely miss the shadow imp.
A magic dart appears from out of thin air!
The magic dart hits you!
The shadow imp hits you but does no damage.
You barely miss the shadow imp.
The shadow imp hits you but does no damage.
You barely miss the shadow imp.
The crimson imp disappears in a puff of smoke!
The shadow imp completely misses you. Something claws you but does no damage.
You hit the shadow imp.
The shadow imp hits you but does no damage.
Something claws you but does no damage. The dart slug launches a dart at you.
The slug dart hits something.
Xom is highly amused!
You sock the shadow imp!
You kill the shadow imp!
Something claws you but does no damage. Something claws you.
You take 4 damage, and have 10/26 hp.
Something claws you but does no damage.
Natasha appears from thin air!
Reactivating autopickup.
There is a stone staircase leading down here.
Natasha claws you but does no damage.
You see here 16 gold pieces.
Natasha growls.
As you read the scroll labeled ENUBUE FA RUI, it crumbles to dust.
You feel blessed for a moment.
It was a scroll of remove curse.
Natasha barely misses you.
As you read the scroll labeled ASEOCS VOUCK, it crumbles to dust.
It is a scroll of recharging.
You aren't carrying any rechargeable items.
Natasha closely misses you.
As you read the scroll labeled MOCZIY SIMOPNUM, it crumbles to dust.
You hear a loud clanging noise!
It was a scroll of noise.
Natasha mumbles some strange words.
You feel troubled. Natasha closely misses you.
As you read the scroll labeled TUZXUAC XERRUE, it crumbles to dust.
The creatures around you are filled with an inner flame!
It was a scroll of immolation.
Xom is highly amused!
Natasha misses you.
You hit Natasha.
Natasha is poisoned.
Natasha casts a spell.
You hit Natasha. The fiery explosion engulfs you!
Ouch! That really hurt!
You die...
Xom titters!

###########
......)..#######
#.#.##.#.##....#
#####.#..#.#....##.#
....?......w..>....#
##.≈≈≈..#.##.#.###.#
##.≈≈≈≈≈##....#w#
#..≈≈.≈≈_######§#
...≈≈≈≈≈##....@5#
....≈≈≈#.########
#.######.##.. .
#.##.#######
#.#...#....# #
#5#....h...# .#
#.#.####5###..#
#.#.#.........##
#.#.#.###......#


You could see a crimson imp and a dart slug (inner flame).

Vanquished Creatures
  An adder (D:2)
  A dart slug (D:1)
  A leopard gecko (D:1)
  7 bats
  2 giant cockroaches
  7 goblins
  7 hobgoblins
  3 kobolds
  3 frilled lizards
  2 rats
34 creatures vanquished.

Notes
Turn   | Place    | Note
-------+----------+-------------------------------------------
     0 | D:1      | tryptr the Gargoyle Chaos Knight began the quest for the Orb.
     0 | D:1      | Reached XP level 1. HP: 14/14 MP: 1/1
    18 | D:1      | Reached skill level 1 in Dodging
    45 | D:1      | Reached XP level 2. HP: 18/19 MP: 2/2
    83 | D:1      | XOM: potion effect (curing)
   129 | D:1      | XOM: silly message
   223 | D:1      | XOM: harmless Ice miscast
   455 | D:1      | Reached XP level 3. HP: 14/23 MP: 3/3
   458 | D:1      | XOM: silly message
   514 | D:1      | XOM: give mutations
   514 | D:1      | Gained mutation: Your muscles are strong. (Str +2) [Xom's grace]
   514 | D:1      | Gained mutation: You possess an exceptional clarity of mind. [Xom's grace]
   620 | D:2      | XOM: give mutations
   620 | D:2      | Gained mutation: You are partially covered in thin metallic scales. (AC +2) [Xom's grace]
   620 | D:2      | Gained mutation: You are robust. (+10% HP) [Xom's grace]
   620 | D:2      | Gained mutation: You are partially covered in iridescent scales. (AC +2) [Xom's grace]
   707 | D:2      | Found a bloodstained altar of Trog.
  1214 | D:2      | Found a glowing silver altar of Zin.
  1268 | D:2      | Reached skill level 4 in Maces & Flails
  1272 | D:2      | Found a hazy altar of Hepliaklqana.
  1552 | D:3      | Noticed Natasha
  1561 | D:3      | XOM: enchant monster (good)
  1564 | D:3      | XOM: cleaving
  1604 | D:2      | XOM: divination: detect creatures
  1828 | D:3      | Found a snail-covered altar of Cheibriados.
  1853 | D:3      | Killed Natasha
  1853 | D:3      | Killed from afar by Natasha

Skill      XL: |  1  2  3 |
---------------+----------+-----
Dodging        | 1 |  1.0
Maces & Flails | 4 |  4.0
Fighting       | |  3.8
Armour         | |  2.5

Action                   || total
-------------------------++-------
Melee: Mace              ||   102
  Use: Scroll            ||     4
       Potion            ||     1
  Eat: Royal jelly       ||     1
       Chunk             ||     1
Armor: Leather armour    ||    72
Dodge: Dodged            ||    74

Vault maps used:
D:1:      minmay_arrival_four_circles
D:2:      lemuel_coloured_pillars_altar, old_standard_altar, zin_treasury,
          first_bread
D:3:      kennysheep_slug_shrine, nicolae_gozag_cash_rules_everything_around_me,
          old_standard_altar, bh_walls_and_bars, uniq_natasha

Table legend:
 A = Turns spent in this place as a percentage of turns spent in the entire game.
 B = Non-inter-level travel turns spent in this place as a percentage of non-inter-level travel turns spent in the entire game.
 C = Inter-level travel turns spent in this place as a percentage of turns spent in this place.
 D = Turns resting spent in this place as a percentage of non-inter-level travel turns spent in this place.
 E = Turns spent auto-exploring this place as a percentage of non-inter-level travel turns spent in this place.
 F = Non-inter-level travel turns spent in this place divided by the number of levels of this place that you've seen.
                   A       B       C       D       E      F
               +-------+-------+-------+-------+-------+----------------------
         Total | 100.0 | 100.0 |   0.9 |   2.4 |  13.8 | 154.7
       Dungeon | 100.0 | 100.0 |   0.9 |   2.4 |  13.8 | 154.7
               +-------+-------+-------+-------+-------+----------------------

Table legend:
 A = Kills in this place as a percentage of kills in entire the game.
 B = Kills by you in this place as a percentage of kills by you in the entire game.
 C = Kills by friends in this place as a percentage of kills by friends in the entire game.
 D = Other kills in this place as a percentage of other kills in the entire game.
 E = Experience gained in this place as a percentage of experience gained in the entire game.
 F = Experience gained in this place divided by the number of levels of this place that you have seen.
                   A       B       C       D       E      F
               +-------+-------+-------+-------+-------+----------------------
         Total | 100.0 | 100.0 |  -nan |  -nan | 100.0 |  25.0
       Dungeon | 100.0 | 100.0 |  -nan |  -nan | 100.0 |  25.0
               +-------+-------+-------+-------+-------+----------------------
